AoeStats
← winter is coming

Arena

510402112Analyzed
4v4 RM · 16h ago on Sep 30, 2026· 44m 15s· 8 players
Game mode
Random Map
Map size
Large (8 player)
Population
200
Speed
Normal
Resources
Standard
Victory
Conquest
Starting age
Dark Age
Ending age
Imperial Age
RankedLock teamsTeams togetherTeam positionsShared explorationLock speedFull tech treeHidden civsTurbo modeCheats
Victory
Defeat
🇫🇮 Turks · Finland
1106
+13
🇹🇷 Persians · Türkiye
1083
+14
🇸🇰 Berbers · Slovakia
1069
+15
🇨🇳 Khmer · China
1065
+15
🇲🇽 Aztecs · Mexico
1075
-15
🇬🇧 Japanese · United Kingdom
1073
-15
🇲🇽 Cumans · Mexico
1049
-15
🇨🇦 Bohemians · Canada
983
-12
Ragnar-Lothbrok
9:34 Feudal Age
12:28 Loom
13:35 Town Watch
16:44 Wheelbarrow
20:42 Castle Age
19:04 Scale Mail Armor
19:34 Horse Collar
20:33 Double-Bit Axe
20:47 Capped Ram
21:52 Pikeman
26:33 Bow Saw
26:19 Fletching
26:49 Elite Skirmisher
28:34 Hand Cart
32:21 Bloodlines
40:21 Scale Barding Armor
40:40 Forging
41:31 Chain Barding Armor
44:23 Imperial Age
43:51 Iron Casting
MacFrost
10:36 Feudal Age
15:42 Castle Age
14:05 Double-Bit Axe
15:36 Horse Collar
17:38 Fervor
17:42 Bow Saw
17:37 Pikeman
20:14 Heavy Plow
23:48 Wheelbarrow
28:05 Hand Cart
30:36 Imperial Age
29:18 Chemistry
30:56 Padded Archer Armor
30:47 Fletching
31:08 Forging
30:58 Scale Mail Armor
31:56 Conscription
32:10 Hussite Reforms
32:13 Bodkin Arrow
34:57 Chain Mail Armor
35:17 Iron Casting
34:06 Halberdier
34:47 Squires
40:03 Theocracy
40:14 Block Printing
40:20 Sanctity
41:14 Illumination
House of Bebu
10:43 Feudal Age
11:10 Loom
14:48 Castle Age
12:56 Double-Bit Axe
13:08 Horse Collar
16:03 Bow Saw
15:55 Heavy Plow
22:49 Wheelbarrow
25:06 Gold Mining
25:06 Stone Mining
25:30 Stone Mining
26:40 Hand Cart
27:02 Gold Shaft Mining
27:35 Fletching
27:45 Padded Archer Armor
30:48 Imperial Age
28:03 Town Watch
28:43 Bodkin Arrow
29:16 Leather Archer Armor
30:08 Thumb Ring
32:13 Parthian Tactics
31:09 Heavy Cavalry Archer
31:54 Bracer
32:25 Ring Archer Armor
32:03 Yasama
32:28 Ballistics
33:08 Chemistry
33:00 Conscription
34:03 Two-Man Saw
33:13 Elite Skirmisher
33:58 Pikeman
34:39 Squires
34:24 Arson
34:30 Halberdier
35:20 Guard Tower
35:27 Murder Holes
35:37 Siege Engineers
35:19 Arrowslits
35:50 Elite Samurai
37:13 Forging
37:03 Scale Mail Armor
43:44 Iron Casting
MadKitten 77
11:21 Feudal Age
15:34 Castle Age
13:39 Double-Bit Axe
14:25 Horse Collar
16:59 Wheelbarrow
16:10 Loom
18:14 Hand Cart
33:54 Imperial Age
31:33 Gold Mining
31:34 Stone Mining
33:17 Heavy Plow
34:48 Gold Shaft Mining
34:48 Bow Saw
34:16 Eagle Warrior
34:41 Arson
34:58 Squires
34:18 Pikeman
34:18 Man-at-Arms
34:43 Gambesons
35:11 Forging
35:01 Scale Mail Armor
36:49 Crop Rotation
36:57 Iron Casting
36:24 Capped Ram
37:38 Chain Mail Armor
38:59 Blast Furnace
38:27 Garland Wars
38:28 Conscription
39:19 Onager
40:46 Siege Onager
42:43 Chemistry
41:24 Treadmill Crane
41:55 Fortified Wall
41:43 Murder Holes
41:56 Siege Engineers
WihtoriKosola
12:54 Feudal Age
14:50 Horse Collar
15:09 Double-Bit Axe
17:44 Castle Age
16:59 Gold Mining
22:39 Imperial Age
21:32 Gold Shaft Mining
31:07 Padded Archer Armor
38:34 Stone Mining
42:36 Leather Archer Armor
43:55 Artillery
44:02 Town Watch
winter is coming
10:19 Feudal Age
11:02 Loom
14:11 Castle Age
12:41 Horse Collar
12:47 Double-Bit Axe
16:15 Heavy Plow
29:24 Imperial Age
27:41 Scale Barding Armor
27:47 Forging
27:41 Gold Mining
27:41 Stone Mining
28:02 Bow Saw
27:57 Kamandaran
28:49 Wheelbarrow
29:25 Bloodlines
29:15 Husbandry
29:37 Chain Barding Armor
31:03 Two-Man Saw
31:43 Plate Barding Armor
31:45 Iron Casting
30:39 Cavalier
32:53 Gold Shaft Mining
32:53 Stone Shaft Mining
33:52 Hand Cart
34:39 Crop Rotation
34:15 Savar
36:39 Crossbowman
37:25 Thumb Ring
37:27 Fletching
38:41 Blast Furnace
38:50 Padded Archer Armor
39:48 Fletching
40:20 Ballistics
41:01 Chemistry
40:45 Bodkin Arrow
41:06 Leather Archer Armor
41:26 Capped Ram
king vitt
0:28 Loom
15:03 Feudal Age
17:47 Castle Age
16:05 Double-Bit Axe
17:12 Wheelbarrow
16:57 Horse Collar
22:14 Hand Cart
22:48 Bow Saw
23:38 Heavy Plow
24:27 Gold Mining
26:06 Gold Shaft Mining
26:17 Stone Mining
27:52 Stone Shaft Mining
30:01 Imperial Age
28:37 Town Watch
29:40 Ballistics
29:31 Fortified Wall
30:49 Scale Barding Armor
30:14 Elite Ballista Elephant
30:55 Double Crossbow
31:16 Conscription
31:33 Crop Rotation
32:16 Chemistry
31:16 Heavy Scorpion
32:52 Siege Engineers
33:09 Husbandry
33:20 Bloodlines
33:35 Chain Barding Armor
33:28 Forging
32:44 Light Cavalry
34:20 Hoardings
34:03 Masonry
33:50 Murder Holes
34:57 Plate Barding Armor
35:58 Iron Casting
35:03 Hussar
40:17 Blast Furnace
39:51 Architecture
Evil Morty
10:52 Feudal Age
11:55 Double-Bit Axe
11:51 Horse Collar
16:04 Castle Age
17:36 Bow Saw
17:37 Heavy Plow
20:23 Gold Mining
20:29 Stone Mining
21:46 Loom
21:49 Town Watch
23:55 Wheelbarrow
23:32 Scale Barding Armor
24:56 Bloodlines
24:47 Husbandry
26:04 Husbandry
26:49 Hand Cart
27:02 Caravan
29:58 Chain Barding Armor
33:36 Imperial Age
33:00 Forging
32:42 Fletching
34:07 Gold Shaft Mining
34:12 Stone Shaft Mining
33:42 Padded Archer Armor
34:18 Iron Casting
34:10 Bodkin Arrow
34:42 Kasbah
35:04 Conscription
34:38 Treadmill Crane
35:19 Ballistics
36:00 Chemistry
34:57 Murder Holes
34:42 Cavalier
36:22 Murder Holes
36:34 Siege Engineers
37:10 Plate Barding Armor
37:36 Blast Furnace
36:11 Elite Camel Archer
36:52 Maghrebi Camels
36:58 Bracer
37:32 Guilds
37:53 Coinage
43:27 Masonry
43:35 Leather Archer Armor
43:21 Scale Mail Armor
Connection lost

Rejoining the realm…

Still unreachable

The connection could not be restored.

Session expired

The server has moved on; the page needs a fresh start.